 Dungeon Crawl Stone Soup version 0.20.1-1-g8b1a95d (webtiles) character file.

1010 Gargoyl the Covered (level 8, -1/69 HPs)
             Began as a Minotaur Abyssal Knight on July 23, 2017.
             Was a Believer of Lugonu.
             Slain by a worker ant (2 damage)
             ... on level 5 of the Dungeon.
             The game lasted 00:07:34 (4180 turns).

Gargoyl the Covered (Minotaur Abyssal Knight)       Turns: 4180, Time: 00:07:34

Health: -1/69      AC:  0    Str: 15 (18) XL:     8   Next: 1%
Magic:  9/9        EV: 13    Int: 13 (14) God:    Lugonu [**....]
Gold:   240        SH:  0    Dex: 15 (16) Spells: 7/7 levels left

rFire    + . .     SeeInvis .   a - +1 hand axe
rCold    . . .     Gourm    .   (no shield)
rNeg     . . .     Faith    .   b - +2 chain mail {rF+}
rPois    .         Spirit   .   (helmet restricted)
rElec    .         Reflect  .   (no cloak)
rCorr    .         Harm     .   (no gloves)
MR       .....                  k - +1 pair of boots
Stlth    ..........             n - amulet of regeneration
Regen    0.7/turn               (no ring)
MPRegen  0.2/turn               (no ring)

@: brilliant, agile, lethally poisoned (-1 -> -4), corroded, hasted, very quick
A: retaliatory headbutt, horns 2
a: Depart the Abyss, Bend Space, Renounce Religion


You were on level 5 of the Dungeon.
You worshipped Lugonu.
Lugonu was pleased with you.
You were hungry.

You visited 1 branch of the dungeon, and saw 5 of its levels.
You visited the Abyss 1 time.

You collected 240 gold pieces.

Inventory:

Hand Weapons
 a - a +1 hand axe (weapon)
Armour
 b - a +2 chain mail of fire resistance (worn)
 k - a +1 pair of boots (worn)
Jewellery
 n - an amulet of regeneration (around neck)
Scrolls
 h - a scroll of teleportation
 m - 5 scrolls of identify
 o - 6 scrolls of remove curse
Books
 g - a book of Changes

   Spells                             Type                      Level
   a - Beastly Appendage              Transmutation                1
   b - Sticks to Snakes               Transmutation                2
   c - Spider Form                    Transmutation/Poison         3
   d - Ice Form                       Ice/Transmutation            4
   e - Blade Hands                    Transmutation                5
Miscellaneous
 e - a box of beasts
Comestibles
 c - 7 bread rations
 d - 5 royal jellies
 p - 5 fruits
 r - 2 meat rations


   Skills:
 + Level 5.5 Fighting
 + Level 5.9 Axes
 * Level 7.6 Armour
 + Level 2.6 Dodging
 * Level 3.5 Invocations


You had 7 spell levels left.
You didn't know any spells.

Dungeon Overview and Level Annotations

Branches:
Dungeon (5/15)
 Temple: D:4-7

Altars:
Dithmenos


Innate Abilities, Weirdness & Mutations

You reflexively headbutt those who attack you in melee.
You have a pair of horns on your head.


Message History

You have reached level 8!
You feel stronger.
It was a potion of degeneration.
There was something very wrong with that liquid.
You feel weakened.
You feel dopey.
You feel clumsy.
* * * LOW HITPOINT WARNING * * *
You feel sick. The worker ant closely misses you. You furiously retaliate!
You headbutt the worker ant, but do no damage.
It was a potion of magic.
Magic courses through your body.
You are feeling hungry.
* * * LOW HITPOINT WARNING * * *
You feel sick. The worker ant closely misses you.
It was a potion of brilliance.
You feel clever all of a sudden.
* * * LOW HITPOINT WARNING * * *
You feel sick. The worker ant closely misses you.
It was a potion of haste.
You feel yourself speed up.
* * * LOW HITPOINT WARNING * * *
You feel sick. The worker ant bites you.
You die...

#... ..####..........
#... .###...........
#..# .............. ##
#..# ##.............
...#...###..............
........................
.........##.............
.......a.####...........
..[....@..# #......†....
..........# ##..........
..........# #..........
.........## ##.......##
##...##### #......##
#### ########


You could see a worker ant.

Vanquished Creatures
  Sigmund (D:2)
  The ghost of vlindergert the Covered, an amateur MiFi (D:4)
  A phantom (D:4)
  2 ogres (D:4)
  A wight (D:4)
  2 howler monkeys
  A jelly (D:5)
  2 hounds (D:4)
  2 orc priests (D:4)
  2 orc wizards
  A centaur skeleton (D:4)
  An iguana (D:5)
  2 worker ants
  2 adders
  An adder skeleton (D:3)
  4 dart slugs
  2 leopard geckos
  15 orcs
  3 bats
  3 giant cockroaches
  2 goblins
  3 hobgoblins
  5 jackals
  13 kobolds
  2 quokkas (D:2)
  A ball python (D:1)
  4 frilled lizards
  7 rats
86 creatures vanquished.

Notes
Turn   | Place    | Note
-------+----------+-------------------------------------------
     0 | Abyss:1  | Gargoyl the Minotaur Abyssal Knight began the quest for the Orb.
     0 | Abyss:1  | Reached XP level 1. HP: 19/19 MP: 1/1
    51 | Abyss:2  | Noticed a large abomination
    81 | Abyss:2  | Noticed a raiju
    83 | D:1      | Escaped the Abyss
   484 | D:1      | Reached XP level 2. HP: 25/27 MP: 2/2
   571 | D:1      | Reached * piety under Lugonu
   815 | D:1      | Reached skill level 3 in Armour
  1045 | D:1      | Reached XP level 3. HP: 33/33 MP: 3/3
  1908 | D:2      | Noticed Sigmund
  1926 | D:2      | Killed Sigmund
  1926 | D:2      | Reached skill level 4 in Armour
  1926 | D:2      | Reached XP level 4. HP: 17/41 MP: 4/4
  1926 | D:2      | Reached XP level 5. HP: 20/47 MP: 5/5
  2061 | D:3      | Reached skill level 5 in Armour
  2713 | D:4      | Noticed an ogre
  2722 | D:4      | Killed an ogre
  2722 | D:4      | Reached skill level 5 in Fighting
  2722 | D:4      | Reached XP level 6. HP: 38/56 MP: 6/6
  2828 | D:4      | Reached skill level 6 in Armour
  2828 | D:4      | Reached XP level 7. HP: 13/61 MP: 8/8
  2945 | D:4      | Reached ** piety under Lugonu
  2967 | D:4      | Noticed vlindergert's ghost (amateur MiFi)
  2988 | D:4      | Killed vlindergert's ghost
  3165 | D:4      | Reached skill level 5 in Axes
  3566 | D:4      | HP: 2/61 [orc priest/divine providence (16)]
  3617 | D:5      | Entered Level 5 of the Dungeon
  3676 | D:4      | Reached skill level 7 in Armour
  4098 | D:5      | Found a shadowy altar of Dithmenos.
  4176 | D:5      | Reached XP level 8. HP: 5/69 MP: 9/9
  4178 | D:5      | HP: 3/69 [poisoned by a worker ant]
  4180 | D:5      | HP: 1/69 [poisoned by a worker ant]
  4180 | D:5      | Slain by a worker ant

Skill      XL: |  1  2  3  4  5  6  7 |
---------------+----------------------+-----
Fighting       | 4 5 |  5.5
Armour         | 3 4 5 6 7 |  7.6
Axes           | 3 4 5 |  5.9
Invocations    | 2 3 |  3.5
Dodging        | 2 |  2.6

Action                   |  1- 3 |  4- 6 |  7- 9 || total
-------------------------+-------+-------+-------++-------
Melee: Hand axe          |    74 |    86 |   101 ||   261
       Headbutt          |    10 |    12 |    24 ||    46
Invok: Depart the Abyss  |     1 |       |       ||     1
  Use: Scroll            |     8 |       |     5 ||    13
       Potion            |     2 |       |     8 ||    10
  Eat: Chunk             |     2 |     3 |     5 ||    10
Armor: Scale mail        |    56 |    35 |    42 ||   133
       Chain mail        |       |       |    16 ||    16
Dodge: Dodged            |    51 |    49 |    54 ||   154
